cohdb
Replays
Latest Replays
All Replays
Popular Replays
Top Player Replays
Match Explorer
How It Works
Community
CoH3 Stats
Reddit
Sign in to upload your games and track your stats! →
Sign in with Steam
Match 48435063
Unlisted
Match 48435063
Overview
Messages
Build Orders
End
Pioneer Squad
Construct Infanterie Kompanie
Grenadier Squad
Grenadier Squad
Grenadier Squad
Grenadier Squad
Infanterie Officer Quarters
Construct Luftwaffe Kompanie
Jäger Squad
Construct Panzer Kompanie
Medical Bunker
Sturmpanzer IV Brummbär
Stoßtruppen Squad
Selects Mechanized Battlegroup
Selects Spotting Scopes
Selects Wespe Self-propelled Artillery
Selects Raid Package
Wespe Self-propelled Artillery
Luftwaffe Officer Quarters
Selects 8 Rad Armored Car
Selects UNKNOWN (2160084)
T.R. Olvadi
Makros
Ted 'Seaman' Silk
Thomas Smooth
0
0
Comments
sign in to comment!
No comments posted yet!